ESL (28 & UNDER)
PENQUANNOCK OVERRATED JETER @ WILMINGTON REBELS
04/05/2027
 
TOP OF THE 1ST
Penquannock Overrated Jeter batting - Pitching for Wilmington Rebels : RHP Thomas Dent
Pitching: RHP Thomas Dent
Batting: SHB Bob Noble 0-0: Foul Ball, location: 2F
0-1: Called Strike
0-2: Ball
1-2: Ball
2-2: SINGLE (Groundball, 34S) (infield hit)
Batting: RHB Doug Brown 0-0: Ball
1-0: Called Strike
1-1: Foul Ball, location: 2F
1-2: Ball
2-2: Ball
3-2: Base on Balls
Bob Noble to second
Batting: RHB José Velásquez 0-0: Foul Ball, location: 2F
0-1: Foul Ball, location: 2F
0-2: Strikes out swinging
Batting: LHB Pete Weber 0-0: Fly out, F6 (Flyball, 56D)
Batting: LHB Tony Green 0-0: Ball
Wild Pitch!
Bob Noble to third
Doug Brown to second
1-0: Swinging Strike
1-1: Called Strike
1-2: Foul Ball, location: 2F
1-2: Strikes out swinging
Top of the 1st over - 0 run(s), 1 hit(s), 0 error(s), 2 left on base; Penquannock 0 - Wilmington 0
BOTTOM OF THE 1ST
Wilmington Rebels batting - Pitching for Penquannock Overrated Jeter : RHP Richard Edwards
Pitching: RHP Richard Edwards
Batting: SHB Charles Alexander 0-0: Foul Ball, location: 2F
0-1: Swinging Strike
0-2: Ball
1-2: Ball
2-2: Strikes out swinging
Batting: RHB Roy MacCluskie 0-0: Foul Ball, location: 2F
0-1: Ball
1-1: Called Strike
1-2: Fly out, F4 (Line Drive, 4)
Batting: RHB Enrico Bonizo 0-0: Fly out, F7 (Flyball, 7S)
Bottom of the 1st over - 0 run(s), 0 hit(s), 0 error(s), 0 left on base; Penquannock 0 - Wilmington 0
TOP OF THE 2ND
Penquannock Overrated Jeter batting - Pitching for Wilmington Rebels : RHP Thomas Dent
Batting: RHB Manny Perea 0-0: Ball
1-0: Called Strike
1-1: Called Strike
1-2: Foul Ball, location: 2F
1-2: Fly out, F9 (Flyball, 89M)
Batting: RHB Armando Pagán 0-0: SINGLE (Groundball, 4MD)
Batting: RHB Barton Frazier 0-0: Ball
1-0: Called Strike
1-1: Ball
2-1: Swinging Strike
2-2: Foul Ball, location: 2F
2-2: Foul Ball, location: 2F
2-2: Strikes out swinging
Armando Pagán steals 2nd base
Batter strikes out.
Batting: RHB Juan Velásquez 0-0: Ball
1-0: Ball
2-0: Ball
3-0: Base on Balls
Batting: SHB Bob Noble 0-0: Ball
1-0: Ball
2-0: Ball
3-0: Ground out U3 (Groundball, 3)
Top of the 2nd over - 0 run(s), 1 hit(s), 0 error(s), 2 left on base; Penquannock 0 - Wilmington 0
BOTTOM OF THE 2ND
Wilmington Rebels batting - Pitching for Penquannock Overrated Jeter : RHP Richard Edwards
Batting: LHB Denny Poole 0-0: Called Strike
0-1: Foul Ball, location: 2F
0-2: Foul Ball, location: 2F
0-2: Strikes out looking
Batting: RHB Francisco Tañón 0-0: Ball
1-0: Ball
2-0: Called Strike
2-1: Ball
3-1: Ground out 6-3 (Groundball, 6)
Batting: RHB Carlos Ordóñez 0-0: Called Strike
0-1: Ball
1-1: Foul Ball, location: 2F
1-2: Ground out 6-3 (Groundball, 6MD)
Bottom of the 2nd over - 0 run(s), 0 hit(s), 0 error(s), 0 left on base; Penquannock 0 - Wilmington 0
TOP OF THE 3RD
Penquannock Overrated Jeter batting - Pitching for Wilmington Rebels : RHP Thomas Dent
Batting: RHB Doug Brown 0-0: Ball
1-0: Foul Ball, location: 2F
1-1: Ball
2-1: Ball
3-1: Base on Balls
Batting: RHB José Velásquez 0-0: Ball
1-0: Foul Ball, location: 2F
1-1: Foul Ball, location: 2F
1-2: Ball
2-2: Strikes out swinging
Batting: LHB Pete Weber 0-0: Called Strike
0-1: Ball
1-1: Fly out, F4 (Popup, 4)
Batting: LHB Tony Green 0-0: Called Strike
0-1: Called Strike
0-2: Foul Ball, location: 2F
0-2: Ball
1-2: Ball
2-2: Ball
3-2: Strikes out looking
Top of the 3rd over - 0 run(s), 0 hit(s), 0 error(s), 1 left on base; Penquannock 0 - Wilmington 0
BOTTOM OF THE 3RD
Wilmington Rebels batting - Pitching for Penquannock Overrated Jeter : RHP Richard Edwards
Batting: RHB Al Reese 0-0: Ball
1-0: Called Strike
1-1: Ball
2-1: Swinging Strike
2-2: Foul Ball, location: 2F
2-2: Strikes out swinging
Batting: LHB Chandler Hubbard 0-0: Ball
1-0: Called Strike
1-1: Swinging Strike
1-2: Ball
2-2: Ball
3-2: Fly out, F7 (Flyball, 7S)
Batting: RHB Joey Boyd 0-0: Fly out, F9 (Flyball, 9S)
Bottom of the 3rd over - 0 run(s), 0 hit(s), 0 error(s), 0 left on base; Penquannock 0 - Wilmington 0
TOP OF THE 4TH
Penquannock Overrated Jeter batting - Pitching for Wilmington Rebels : RHP Thomas Dent
Batting: RHB Manny Perea 0-0: Ball
1-0: Ball
2-0: Foul Ball, location: 2F
2-1: Foul Ball, location: 2F
2-2: Fly out, F3 (Line Drive, 3)
Batting: RHB Armando Pagán 0-0: TRIPLE (Flyball, 9LM)
Batting: RHB Barton Frazier 0-0: Ball
1-0: DOUBLE (Line Drive, 7LM)
Armando Pagán scores
Batting: RHB Juan Velásquez 0-0: Ball
1-0: Ball
2-0: Fly out, F3 (Popup, 3L)
Batting: SHB Bob Noble 0-0: Ball
1-0: SINGLE (Flyball, 78S)
Barton Frazier to third
Runner from 3rd tries for Home, SAFE, no throw
Batting: RHB Doug Brown 0-0: SINGLE (Groundball, 5D)
Bob Noble to second
Batting: RHB José Velásquez 0-0: Ball
1-0: Called Strike
1-1: Ball
2-1: Ball
3-1: Fly out, F9 (Flyball, 89S)
Top of the 4th over - 2 run(s), 4 hit(s), 0 error(s), 2 left on base; Penquannock 2 - Wilmington 0
BOTTOM OF THE 4TH
Wilmington Rebels batting - Pitching for Penquannock Overrated Jeter : RHP Richard Edwards
Batting: SHB Charles Alexander 0-0: Ball
1-0: Ball
2-0: SOLO HOME RUN (Line Drive, 7LD), Distance : 360 ft
Batting: RHB Roy MacCluskie 0-0: Foul Ball, location: 2F
0-1: Ball
1-1: Swinging Strike
1-2: Ball
2-2: Ball
3-2: Foul Ball, location: 2F
3-2: Foul Ball, location: 2F
3-2: Fly out, F3 (Line Drive, 34)
Batting: RHB Enrico Bonizo 0-0: Ball
1-0: Foul Ball, location: 2F
1-1: Ball
2-1: Ground out 6-3 (Groundball, 56)
Batting: LHB Denny Poole 0-0: Foul Ball, location: 2F
0-1: Ball
1-1: Ground out 1-3 (Groundball, 13S)
Bottom of the 4th over - 1 run(s), 1 hit(s), 0 error(s), 0 left on base; Penquannock 2 - Wilmington 1
TOP OF THE 5TH
Penquannock Overrated Jeter batting - Pitching for Wilmington Rebels : RHP Thomas Dent
Batting: LHB Pete Weber 0-0: Ball
1-0: Ball
2-0: Ball
3-0: Called Strike
3-1: Base on Balls
Batting: LHB Tony Green 0-0: Ball
1-0: Grounds into double play, 6-4-3 (Groundball, 6D)
Batting: RHB Manny Perea 0-0: Swinging Strike
0-1: Ball
1-1: Ball
2-1: SINGLE (Line Drive, 89M)
Batting: RHB Armando Pagán 0-0: Called Strike
0-1: Ball
1-1: Foul Ball, location: 2F
1-2: Strikes out swinging
Top of the 5th over - 0 run(s), 1 hit(s), 0 error(s), 1 left on base; Penquannock 2 - Wilmington 1
BOTTOM OF THE 5TH
Wilmington Rebels batting - Pitching for Penquannock Overrated Jeter : RHP Richard Edwards
Batting: RHB Francisco Tañón 0-0: Ball
1-0: Ball
2-0: Foul Ball, location: 2F
2-1: Ball
3-1: Base on Balls
Batting: RHB Carlos Ordóñez 0-0: Ball
Francisco Tañón steals 2nd base
1-0: Ground out U3 (Groundball, 3)
Francisco Tañón to third
Batting: RHB Al Reese 0-0: Called Strike
0-1: Foul Ball, location: 2F
0-2: Ball
1-2: Ball
2-2: SINGLE (Line Drive, 9LS)
Francisco Tañón scores
Batting: LHB Chandler Hubbard 0-0: Called Strike
0-1: Called Strike
0-2: Foul Ball, location: 2F
0-2: Ball
1-2: Ball
2-2: Ball
3-2: Base on Balls
Al Reese to second
Batting: RHB Joey Boyd 0-0: 3-RUN HOME RUN (Flyball, 8RXD), Distance : 416 ft
Pitching: RHP Javier González
Batting: SHB Charles Alexander 0-0: Ball
1-0: Ball
2-0: Called Strike
2-1: Foul Ball, location: 2F
2-2: Foul Ball, location: 2F
2-2: Ground out 5-3 (Groundball, 5)
Batting: RHB Roy MacCluskie 0-0: Foul Ball, location: 2F
0-1: Ball
1-1: Swinging Strike
1-2: Foul Ball, location: 2F
1-2: Ball
2-2: DOUBLE (Line Drive, 8RXD)
Batting: RHB Enrico Bonizo 0-0: Called Strike
0-1: Ball
1-1: DOUBLE (Groundball, 5L)
Roy MacCluskie scores
Batting: LHB Denny Poole 0-0: Swinging Strike
0-1: Foul Ball, location: 2F
0-2: Foul Ball, location: 2F
0-2: Ball
1-2: Foul Ball, location: 2F
1-2: Ground out U3 (Groundball, 3)
Bottom of the 5th over - 5 run(s), 4 hit(s), 0 error(s), 1 left on base; Penquannock 2 - Wilmington 6
TOP OF THE 6TH
Penquannock Overrated Jeter batting - Pitching for Wilmington Rebels : RHP Thomas Dent
Pitching: LHP Juan Cruz
Batting: RHB Barton Frazier 0-0: Ball
1-0: Foul Ball, location: 2F
1-1: Ball
2-1: Called Strike
2-2: Ball
3-2: Foul Ball, location: 2F
3-2: Base on Balls
Batting: RHB Juan Velásquez 0-0: Ball
1-0: Ball
2-0: Ball
3-0: Called Strike
3-1: Fly out, F1 (Line Drive, 15)
Batting: SHB Bob Noble 0-0: Ball
Wild Pitch!
Barton Frazier to second
1-0: Ball
2-0: Ball
3-0: Base on Balls
Batting: RHB Doug Brown 0-0: Ball
Barton Frazier steals 3rd base
Bob Noble to second
1-0: Called Strike
1-1: Foul Ball, location: 2F
1-2: Ball
2-2: Strikes out swinging
Batting: RHB José Velásquez 0-0: Ball
1-0: Ball
2-0: Ball
3-0: Called Strike
3-1: Base on Balls
Batting: LHB Pete Weber 0-0: Swinging Strike
0-1: Ball
1-1: Foul Ball, location: 2F
1-2: Ball
2-2: Ball
3-2: Foul Ball, location: 2F
3-2: Strikes out swinging
Top of the 6th over - 0 run(s), 0 hit(s), 0 error(s), 3 left on base; Penquannock 2 - Wilmington 6
BOTTOM OF THE 6TH
Wilmington Rebels batting - Pitching for Penquannock Overrated Jeter : RHP Javier González
Batting: RHB Francisco Tañón 0-0: Ball
1-0: Fly out, F9 (Flyball, 89M)
Batting: RHB Carlos Ordóñez 0-0: Ball
1-0: Ball
2-0: Ball
3-0: Base on Balls
Batting: RHB Al Reese 0-0: Ball
1-0: Fly out, F5 (Popup, 6S)
Batting: LHB Chandler Hubbard 0-0: Ball
1-0: Ball
2-0: Ball
3-0: Called Strike
3-1: Fielders Choice at 2nd, 4-6 (Groundball, 4)
Bottom of the 6th over - 0 run(s), 0 hit(s), 0 error(s), 0 left on base; Penquannock 2 - Wilmington 6
TOP OF THE 7TH
Penquannock Overrated Jeter batting - Pitching for Wilmington Rebels : LHP Juan Cruz
Batting: LHB Tony Green 0-0: Ball
1-0: Ball
2-0: Ball
3-0: Swinging Strike
3-1: Fly out, F7 (Line Drive, 7S)
Batting: RHB Manny Perea 0-0: Ball
1-0: Called Strike
1-1: Ball
2-1: SINGLE (Flyball, 56D)
Batting: RHB Armando Pagán 0-0: Ball
1-0: Ball
2-0: Ball
3-0: Base on Balls
Manny Perea to second
Batting: RHB Barton Frazier 0-0: Called Strike
0-1: Ball
1-1: Foul Ball, location: 2F
1-2: Ball
2-2: Ball
3-2: Grounds into double play, 6-4-3 (Groundball, 6)
Top of the 7th over - 0 run(s), 1 hit(s), 0 error(s), 1 left on base; Penquannock 2 - Wilmington 6
BOTTOM OF THE 7TH
Wilmington Rebels batting - Pitching for Penquannock Overrated Jeter : RHP Javier González
Batting: RHB Joey Boyd 0-0: Ball
1-0: Called Strike
1-1: Ball
2-1: Fly out, F8 (Flyball, 8RS)
Batting: SHB Charles Alexander 0-0: Ball
1-0: Ball
2-0: Ball
3-0: Called Strike
3-1: Foul Ball, location: 2F
3-2: Ground out 4-3 (Groundball, 4)
Batting: RHB Roy MacCluskie 0-0: Ball
1-0: Called Strike
1-1: Ball
2-1: Fly out, F2 (Popup, 13S)
Bottom of the 7th over - 0 run(s), 0 hit(s), 0 error(s), 0 left on base; Penquannock 2 - Wilmington 6
TOP OF THE 8TH
Penquannock Overrated Jeter batting - Pitching for Wilmington Rebels : LHP Juan Cruz
Batting: RHB Juan Velásquez 0-0: Ground out 4-3 (Groundball, 34)
Batting: SHB Bob Noble 0-0: Fly out, F7 (Flyball, 7S)
Batting: RHB Doug Brown 0-0: Fly out, F6 (Line Drive, 6M)
Top of the 8th over - 0 run(s), 0 hit(s), 0 error(s), 0 left on base; Penquannock 2 - Wilmington 6
BOTTOM OF THE 8TH
Wilmington Rebels batting - Pitching for Penquannock Overrated Jeter : RHP Javier González
Batting: RHB Enrico Bonizo 0-0: Swinging Strike
0-1: Ball
1-1: Ball
2-1: Ball
3-1: Foul Ball, location: 2F
3-2: Base on Balls
Pitching: RHP Toshikuni Nishimura
Batting: LHB Denny Poole 0-0: Ball
1-0: Called Strike
Enrico Bonizo steals 2nd base
1-1: Called Strike
1-2: Strikes out looking
Batting: RHB Francisco Tañón 0-0: Ball
1-0: Called Strike
1-1: Swinging Strike
1-2: Ball
2-2: Ball
3-2: Strikes out looking
Batting: RHB Carlos Ordóñez 0-0: DOUBLE (Line Drive, 9LS)
Enrico Bonizo scores
Batting: RHB Al Reese 0-0: Ball
1-0: Ball
2-0: Ball
3-0: Base on Balls
Batting: LHB Chandler Hubbard 0-0: Foul Ball, location: 2F
0-1: Called Strike
0-2: Strikes out swinging
Bottom of the 8th over - 1 run(s), 1 hit(s), 0 error(s), 2 left on base; Penquannock 2 - Wilmington 7
TOP OF THE 9TH
Penquannock Overrated Jeter batting - Pitching for Wilmington Rebels : LHP Juan Cruz
Now in LF: Jessie Thompson
Now in RF: Ramón Benítez
Batting: RHB José Velásquez 0-0: Ball
1-0: Ball
2-0: Foul Ball, location: 2F
2-1: Ball
3-1: Base on Balls
Batting: LHB Pete Weber 0-0: Foul Ball, location: 2F
0-1: Swinging Strike
0-2: Ball
1-2: Ball
2-2: Ball
Passed Ball!
José Velásquez to second
3-2: Strikes out swinging
Batting: LHB Tony Green 0-0: Ball
1-0: Called Strike
1-1: Swinging Strike
1-2: Strikes out swinging
Batting: RHB Manny Perea 0-0: Ball
1-0: SINGLE (Groundball, 6MD)
José Velásquez to third
Runner from 3rd tries for Home, SAFE, no throw
Batting: RHB Armando Pagán 0-0: Ball
1-0: Ball
2-0: Foul Ball, location: 2F
2-1: Ball
3-1: Ground out 4-3 (Groundball, 4MS)
Top of the 9th over - 1 run(s), 1 hit(s), 0 error(s), 1 left on base; Penquannock 3 - Wilmington 7
Thursday, March 30th, 2017 - OOTP Baseball 17.12 Build 75